 Dungeon Crawl Stone Soup version 0.25-a0-992-gca090100c3 (webtiles) character file.

Game seed: 7347807149158931948, levelgen mode: classic

227 Amnesiac the Chiller (level 5, -4/28 HPs)
             Began as a Deep Elf Ice Elementalist on May 10, 2020.
             Slain by a water moccasin skeleton (6 damage)
             ... on level 4 of the Dungeon.
             The game lasted 00:03:06 (1781 turns).

Amnesiac the Chiller (Deep Elf Ice Elementalist)    Turns: 1781, Time: 00:03:07

Health: -4/28      AC:  2    Str:  3 (5)  XL:     5   Next: 70%
Magic:  14/14      EV: 13    Int: 19 (21) God:
Gold:   111        SH:  0    Dex: 13 (15) Spells: 7/14 levels left

rFire    . . .     SeeInvis .   j - +2 hunting sling (freeze)
rCold    + + .     Gourm    .   (no shield)
rNeg     . . .     Faith    .   a - +0 robe
rPois    .         Spirit   .   (no helmet)
rElec    .         Reflect  .   k - -1 cloak (curse)
rCorr    .         Harm     .   (no gloves)
MR       .....                  (no boots)
Stlth    ++........             (no amulet)
HPRegen  0.09/turn              (no ring)
MPRegen  0.14/turn              (no ring)

@: about to teleport, stab
A: cold resistance 2, mutation resistance 1
a: no special abilities


You were on level 4 of the Dungeon.
You were not hungry.

You visited 1 branch of the dungeon, and saw 4 of its levels.

You collected 111 gold pieces.

Inventory:

Hand Weapons
 j - a +2 hunting sling of freezing (weapon)
Missiles
 h - 102 stones (quivered)
 m - 34 sling bullets
Armour
 a - a +0 robe (worn)
 k - a cursed -1 cloak (worn)
Scrolls
 e - 3 scrolls of identify {!r}
 g - a scroll of amnesia {!r}
Comestibles
 c - 5 rations
 d - 5 chunks of flesh


   Skills:
 - Level 2.4 Dodging
 - Level 2.4 Stealth
 + Level 5.2 Spellcasting
 * Level 6.8 Ice Magic


You had 7 spell levels left.
You knew the following spells:

 Your Spells              Type           Power        Failure   Level  Hunger
a - Freeze                Ice            ####         1%          1    None
b - Frozen Ramparts       Ice            ####..       2%          3    ##.....
z - Ozocubu's Armour      Chrm/Ice       ###.....     9%          3    ##.....

Your spell library contained the following spells:

 Spells                   Type           Power        Failure   Level  Hunger
 Hailstorm                Conj/Ice       ###.....     30%         4    ####...
 Summon Ice Beast         Ice/Summ       ###.....     30%         4    ####...


Dungeon Overview and Level Annotations

Branches:
Dungeon (4/15)
 Temple: D:4-7

Altars:
Ru
Yredelemnul


Innate Abilities, Weirdness & Mutations

Your flesh is very cold resistant. (rC++)
You are somewhat resistant to further mutation.


Message History

Press: ? - help, Shift-Dir - straight line, f/p - water moccasin skeleton
Aim: a water moccasin skeleton (moderately damaged)
You shoot a stone.
The stone hits the water moccasin skeleton but does no damage.
The water moccasin skeleton is moderately damaged.
The water moccasin skeleton bites you.
The water moccasin skeleton bites you but does no damage.
Firing (i - inventory. (/) - cycle)
h - 105 stones (quivered)
Press: ? - help, Shift-Dir - straight line, f/p - water moccasin skeleton
Aim: a water moccasin skeleton (moderately damaged)
You shoot a stone.
The stone barely misses the water moccasin skeleton.
The water moccasin skeleton completely misses you.
Firing (i - inventory. (/) - cycle)
h - 104 stones (quivered)
Press: ? - help, Shift-Dir - straight line, f/p - water moccasin skeleton
Aim: a water moccasin skeleton (moderately damaged)
You shoot a stone.
The stone barely misses the water moccasin skeleton.
The water moccasin skeleton closely misses you.
The water moccasin skeleton bites you.
* * * LOW HITPOINT WARNING * * *
Firing (i - inventory. (/) - cycle)
h - 103 stones (quivered)
Press: ? - help, Shift-Dir - straight line, f/p - water moccasin skeleton
Aim: a water moccasin skeleton (moderately damaged)
You shoot a stone.
The stone barely misses the water moccasin skeleton.
The water moccasin skeleton bites you.
* * * LOW HITPOINT WARNING * * *
Casting: Frozen Ramparts (safe; 1% risk of failure)
Confirm with . or Enter, or press ? or * to list all spells.
Okay, then.
Unknown command.
Really read
e - 4 scrolls labeled BEMUEWN LIAXO {!r}?
As you read the scroll labeled BEMUEWN LIAXO {!r}, it crumbles to dust.
It is a scroll of identify.
g - a scroll of amnesia {!r} The water moccasin skeleton bites you!
* * * LOW HITPOINT WARNING * * *
Okay, then.
Really quaff
b - a fizzy brown potion {!q}?
It was a potion of degeneration {!q}.
There was something very wrong with that liquid.
You feel weakened.
You feel dopey.
You feel clumsy. The water moccasin skeleton bites you.
* * * LOW HITPOINT WARNING * * *
Really quaff
i - a fuming grey potion {!q}?
It was a potion of stabbing {!q}.
You feel ready to backstab. The water moccasin skeleton bites you.
* * * LOW HITPOINT WARNING * * *
The water moccasin skeleton closely misses you.
Really quaff
l - a fizzy white potion {!q}?
It was a potion of mutation {!q}.
You feel extremely strange.
You feel resistant to cold.
You feel more resistant to cold.
You feel genetically stable.
The water moccasin skeleton barely misses you.
Casting: Frozen Ramparts (dangerous; 2% risk of failure)
Confirm with . or Enter, or press ? or * to list all spells.
Okay, then.
Really read
f - a scroll labeled ZOFAENW NOFIO {!r}?
As you read the scroll labeled ZOFAENW NOFIO {!r}, it crumbles to dust.
You feel strangely unstable.
It was a scroll of teleportation {!r}.
The water moccasin skeleton bites you.
You die...

#...........#.....#
#...........#.....#
#...........# ...#
#...........#
#†..###############.
##'##......(........
#...')..÷....!......
#...#...............
#...#......@Z(.((..(
#...#..(..........($
#[..#.........((....
#...#...............
##+##.........(.....
......##+####+###
...... ...... ....


You could see a water moccasin skeleton.

Vanquished Creatures
  A scorpion (D:4)
  An orc wizard (D:4)
  An orc priest (D:4)
  2 worker ants (D:4)
  An adder (D:4)
  An adder skeleton (D:4)
  A dart slug (D:1)
  2 leopard geckos
  2 orcs (D:4)
  6 giant cockroaches (D:1)
  6 goblins (D:1)
  5 hobgoblins
  2 jackals (D:1)
  8 kobolds (D:1)
  A quokka (D:3)
  7 bats
  7 rats (D:1)
54 creatures vanquished.

Notes
Turn   | Place    | Note
-------+----------+-------------------------------------------
     0 | D:1      | Amnesiac the Deep Elf Ice Elementalist began the quest for
                  | the Orb.
     0 | D:1      | Reached XP level 1. HP: 10/10 MP: 6/6
   199 | D:1      | Reached XP level 2. HP: 11/15 MP: 2/8
   312 | D:1      | Reached skill level 5 in Ice Magic
   559 | D:1      | Reached XP level 3. HP: 19/19 MP: 8/10
   564 | D:1      | Learned a level 3 spell: Frozen Ramparts
   568 | D:1      | Learned a level 3 spell: Ozocubu's Armour
  1297 | D:2      | Found a basalt altar of Yredelemnul.
  1430 | D:4      | Reached XP level 4. HP: 24/24 MP: 7/12
  1482 | D:4      | Reached skill level 6 in Ice Magic
  1484 | D:4      | Reached XP level 5. HP: 19/28 MP: 10/14
  1624 | D:4      | Found a sacrificial altar of Ru.
  1670 | D:4      | Reached skill level 5 in Spellcasting
  1779 | D:4      | Gained mutation: Your flesh is cold resistant. (rC+)
                  | [potion of mutation]
  1779 | D:4      | Gained mutation: Your flesh is very cold resistant. (rC++)
                  | [potion of mutation]
  1779 | D:4      | Gained mutation: You are somewhat resistant to further
                  | mutation. [potion of mutation]
  1781 | D:4      | Slain by a water moccasin skeleton

Illustrated notes

Levels and vault maps discovered:
D:1:      minmay_arrival_nine_rooms, layout_rooms, minmay_worlds_worst_comb
D:2:      layout_loops_ring, lemuel_crystal_altar, first_ration,
          xom_teletrap_fun
D:3:      layout_loops_ring, marbit_many_paths, fiery_altar_vehumet
D:4:      layout_gridville, serial_shops, shop, nicolae_ru_awakened_eye

Skill      XL: |  1  2  3  4  5 |
---------------+----------------+-----
Ice Magic      | 5 6 |  6.8
Spellcasting   | 4 5 |  5.2
Dodging        | |  2.4
Stealth        | |  2.4

Action                   |  1- 3 |  4- 6 || total
-------------------------+-------+-------++-------
Melee: Unarmed           |     1 |       ||     1
 Fire: Hunting sling     |    49 |    27 ||    76
 Cast: Freeze            |    39 |       ||    39
       Frozen Ramparts   |     1 |     4 ||     5
  Use: Potion            |       |     3 ||     3
       Scroll            |       |     2 ||     2
  Eat: Chunk             |     1 |     2 ||     3
Armor: Robe              |     7 |     1 ||     8
Dodge: Dodged            |    38 |    10 ||    48

Table legend:
 A = Non-vault XP
 B = Vault XP
 C = Vault XP percentage of total XP
 D = Non-vault monster count
 E = Vault monster count
 F = Vault count percentage of total count
                 A         B        C        D         E       F
            +---------+---------+-------+---------+---------+-------
      Total |     315 |      10 |   3.1 |      49 |       5 |   9.3
            +---------+---------+-------+---------+---------+-------
        D:1 |      60 |      10 |  14.3 |      35 |       5 |  12.5
        D:2 |       3 |       0 |   0.0 |       2 |       0 |   0.0
        D:3 |       2 |       0 |   0.0 |       1 |       0 |   0.0
        D:4 |     250 |       0 |   0.0 |      11 |       0 |   0.0
            +---------+---------+-------+---------+---------+-------
